 Dungeon Crawl Stone Soup version 0.23.0 (webtiles) character file.

Game seed: 3011976665537503680

205 LostNumber the Archer (level 5, -1/45 HPs)
             Began as a Centaur Hunter on Feb 11, 2019.
             Slain by an orc priest
             ... wielding a +2 war axe of chopping
              (6 damage)
             ... on level 3 of the Dungeon.
             The game lasted 00:04:27 (2744 turns).

LostNumber the Archer (Centaur Hunter)              Turns: 2744, Time: 00:04:28

Health: -1/45      AC:  5    Str: 16    XL:     5   Next: 53%
Magic:  5/5        EV:  8    Int: 10    God:
Gold:   158        SH:  0    Dex:  9    Spells: 4/4 levels left

rFire    . . .     SeeInvis .   b - +1 falchion (elec)
rCold    . . .     Gourm    .   (no shield)
rNeg     . . .     Faith    .   p - +0 ring mail
rPois    +         Spirit   .   (no helmet)
rElec    .         Reflect  .   (no cloak)
rCorr    .         Harm     .   (no gloves)
MR       .....                  (no barding)
Stlth    ..........             (no amulet)
HPRegen  0.15/turn              o - ring of poison resistance
MPRegen  0.09/turn              (no ring)

@: very quick
A: large, hooves 3, deformed body, speed 2, tough skin 3
a: no special abilities


You were on level 3 of the Dungeon.
You were not hungry.

You visited 1 branch of the dungeon, and saw 4 of its levels.

You collected 158 gold pieces.

Inventory:

Hand Weapons
 a - a +1 shortbow
 b - a +1 falchion of electrocution (weapon)
   (You took it off an orc priest on level 3 of the Dungeon)
 r - a +0 short sword
 s - a +2 flail of protection
   (You took it off an orc on level 3 of the Dungeon)
Missiles
 d - 11 arrows
Armour
 c - a +0 leather armour
 p - a +0 ring mail (worn)
   (You took it off an orc on level 3 of the Dungeon)
Jewellery
 o - a ring of poison resistance (left hand)
   (You took it off a hobgoblin on level 3 of the Dungeon)
Scrolls
 f - a scroll of remove curse {unknown}
 g - 2 scrolls of identify {unknown}
 j - a scroll of enchant armour {unknown}
 m - 2 scrolls of magic mapping {unknown}
 n - a scroll of teleportation {unknown}
 q - a scroll of amnesia {unknown}
Potions
 h - 4 potions of curing {unknown}
 i - a potion of heal wounds {unknown}
 k - a potion of resistance {unknown}
 l - a potion of agility {unknown}
Comestibles
 e - 2 rations {!d}
 t - 6 chunks of flesh


   Skills:
 + Level 3.6 Fighting
 * Level 8.0 Bows
 - Level 1.3 Dodging
 - Level 0.4 Stealth


You had 4 spell levels left.
You didn't know any spells.
Your spell library was empty.

Dungeon Overview and Level Annotations

Branches:
Dungeon (4/15)
 Temple: D:4-7

Altars:
Kikubaaqudgha
Nemelex Xobeh

Annotations:
D:2 Sigmund


Innate Abilities, Weirdness & Mutations

You have hooves in place of feet.
Armour fits poorly on your strangely shaped body.
You cover ground very quickly.
You have extremely tough skin. (AC +3)


Message History

The orc wizard hits you but does no damage. x2
The orc wizard barely misses you.
You riposte.
You barely miss the orc wizard. You hit the orc wizard.
Lightning courses through the orc wizard!
You kill the orc wizard!
The orc wizard barely misses you.
You riposte.
You hit the orc wizard.
Lightning courses through the orc wizard!
You kill the orc wizard!
Your Bows skill increases to level 8!
Things that are here:
a +2 dagger of speed; a +0 robe
There is a stone staircase leading down, spattered with blood here.
Things that are here:
a +0 leather armour; an orc skeleton
Things that are here:
a +0 dagger; a +0 robe
There is a stone staircase leading down, spattered with blood here.
Things that are here:
a +0 leather armour; an orc skeleton You start resting.
You climb downwards.
The orc priest hits you with a +2 war axe of chopping!
There is a stone staircase leading up here.
The orc priest looks encouraged for a moment.
The orc priest hits you with a +2 war axe of chopping.
You climb upwards.
There is a stone staircase leading down, spattered with blood here.
Things that are here:
a +0 leather armour; an orc skeleton You hit the orc priest but do no damage.
The orc priest barely misses you.
You barely miss the orc priest. Your kick misses the orc priest.
The orc priest barely misses you.
You hit the orc priest but do no damage.
The orc priest hits you with a +2 war axe of chopping.
You closely miss the orc priest.
You kick the orc priest, but do no damage.
The orc priest hits you with a +2 war axe of chopping!
* * * LOW HITPOINT WARNING * * *
You hit the orc priest but do no damage.
Your kick misses the orc priest.
The orc priest hits you with a +2 war axe of chopping!
* * * LOW HITPOINT WARNING * * *
* * * LOW HITPOINT WARNING * * *
You hit the orc priest.
The orc priest hits you with a +2 war axe of chopping.
* * * LOW HITPOINT WARNING * * *
* * * LOW HITPOINT WARNING * * *
The orc priest hits you with a +2 war axe of chopping.
You die...

##### #...#######
#.#.......# #...#####.#
#####.######.#######
######...................
###
#......[@o..########.....
..# #.##.#.###..# ######
#.#######......# #..#
#......)...##..###..######
......###.#.#............#
......# #.##....##..####.#
......# ##.....###..# #.#
......# ##.#### ##.# #.#
#...#.#####.#######.#
#.######


You could see an orc priest.

Vanquished Creatures
  2 orc wizards (D:3)
  An orc priest (D:3)
  An adder (D:2)
  2 oozes
  2 worms (D:3)
  2 dart slugs (D:1)
  A leopard gecko (D:1)
  17 orcs
  2 giant cockroaches
  9 goblins
  14 hobgoblins
  7 kobolds
  4 bats
  6 frilled lizards
  A leopard gecko skeleton (D:2)
  5 rats
76 creatures vanquished.

Notes
Turn   | Place    | Note
-------+----------+-------------------------------------------
     0 | D:1      | LostNumber the Centaur Hunter began the quest for the Orb.
     0 | D:1      | Reached XP level 1. HP: 17/17 MP: 1/1
   118 | D:1      | Reached XP level 2. HP: 21/24 MP: 2/2
   214 | D:1      | Found a sparkling altar of Nemelex Xobeh.
   279 | D:1      | Reached skill level 6 in Bows
   561 | D:2      | Reached XP level 3. HP: 29/30 MP: 3/3
   566 | D:2      | Found a faded altar of an unknown god.
   626 | D:2      | Noticed Sigmund
   730 | D:2      | Found an ancient bone altar of Kikubaaqudgha.
  1220 | D:3      | Reached XP level 4. HP: 27/37 MP: 4/4
  1303 | D:3      | Reached skill level 7 in Bows
  2355 | D:3      | Reached XP level 5. HP: 27/45 MP: 5/5
  2703 | D:3      | Reached skill level 8 in Bows
  2744 | D:3      | Slain by an orc priest

Skill      XL: |  1  2  3  4  5 |
---------------+----------------+-----
Bows           | 6 7 8 |  8.0
Fighting       | 3 |  3.6
Dodging        | |  1.3
Stealth        | |  0.4

Action                   |  1- 3 |  4- 6 || total
-------------------------+-------+-------++-------
Melee: Short sword       |   109 |    65 ||   174
       Kick              |    26 |    22 ||    48
       Flail             |       |    19 ||    19
       Falchion          |       |    17 ||    17
 Fire: Shortbow          |     8 |    17 ||    25
  Eat: Chunk             |       |     5 ||     5
Armor: Leather armour    |    32 |    22 ||    54
       Ring mail         |       |     4 ||     4
Dodge: Dodged            |    54 |    46 ||   100
       Rpst.: Falchion   |       |     3 ||     3
